 Dungeon Crawl Stone Soup version 0.24-a0-408-gcc1054c7ca (webtiles) character file.

Game seed: 6559558131942911401

242 Peloso the Covered (level 5, -1/48 HPs)
             Began as a Minotaur Fighter on June 5, 2019.
             Was an Initiate of Okawaru.
             Slain by Edmund
             ... wielding a +2 dire flail of venom
              (3 damage)
             ... on level 4 of the Dungeon.
             The game lasted 00:04:19 (2380 turns).

Peloso the Covered (Minotaur Fighter)               Turns: 2380, Time: 00:04:19

Health: -1/48      AC: 11    Str: 21    XL:     5   Next: 82%
Magic:  4/4        EV:  5    Int:  5    God:    Okawaru [......]
Gold:   164        SH:  9    Dex: 10    Spells: 4/4 levels left

rFire    x . .     SeeInvis .   a - +0 long sword
rCold    + . .     Gourm    .   c - +0 shield
rNeg     . . .     Faith    .   g - +0 chain mail
rPois    .         Spirit   .   (helmet restricted)
rElec    .         Reflect  .   p - +0 cloak
rCorr    .         Harm     .   (no gloves)
MR       .....                  (no boots)
Stlth    ..........             (no amulet)
HPRegen  0.16/turn              k - ring of ice
MPRegen  0.09/turn              (no ring)

@: lethally poisoned (-1 -> -22)
A: retaliatory headbutt, horns 2
a: Renounce Religion


You were on level 4 of the Dungeon.
You worshipped Okawaru.
Okawaru was noncommittal.
You were not hungry.

You visited 2 branches of the dungeon, and saw 5 of its levels.

You collected 164 gold pieces.

Inventory:

Hand Weapons
 a - a +0 long sword (weapon)
Armour
 b - a +0 scale mail
 c - a +0 shield (worn)
 g - a +0 chain mail (worn)
 p - a +0 cloak (worn)
Jewellery
 k - a ring of ice (left hand)
Scrolls
 e - a scroll of teleportation {unknown}
 h - a scroll of magic mapping {unknown}
 i - a scroll of amnesia {unknown}
 j - a scroll of random uselessness {unknown}
 l - a scroll of remove curse {unknown}
 m - a scroll of fog {unknown}
 n - 2 scrolls of identify {unknown}
 o - a scroll of fear {unknown}
 q - a scroll of enchant weapon {unknown}
Potions
 d - a potion of might
Comestibles
 f - 4 rations


   Skills:
 + Level 5.1 Fighting
 + Level 4.0 Long Blades
 + Level 5.5 Armour
 + Level 0.3 Dodging
 + Level 4.5 Shields


You had 4 spell levels left.
You didn't know any spells.
Your spell library was empty.

Dungeon Overview and Level Annotations

Branches:
Dungeon (4/15)             Temple (1/1) D:4

Altars:
Ashenzari
Cheibriados
Dithmenos
Elyvilon
Kikubaaqudgha
Okawaru
Ru
Sif Muna
Vehumet
Yredelemnul
Zin

Annotations:
D:4 2 transporters, Edmund


Innate Abilities, Weirdness & Mutations

You reflexively headbutt those who attack you in melee.
You have a pair of horns on your head.


Message History

You feel very sick. Edmund barely misses you.
You riposte.
You hit Edmund but do no damage. Your headbutt misses Edmund.
Edmund is severely wounded.
You hit Edmund.
Edmund is severely wounded.
You feel very sick.
Edmund hits you with a +2 dire flail of venom!
* * * LOW HITPOINT WARNING * * *
You closely miss Edmund.
Edmund is severely wounded.
* * * LOW HITPOINT WARNING * * *
You feel very sick. Edmund barely misses you.
You hit Edmund. You headbutt Edmund!
Edmund is almost dead.
* * * LOW HITPOINT WARNING * * *
You feel sick.
Edmund hits you with a +2 dire flail of venom.
You die...

........########
####............
#....########
#.......# # +##
#..#.##.# # ..#
#..#.##.# #.#
#..#..#.# #@#
#..##.#.#
#.###@####†.##.#.#
#...........#††#.#
#####..###.##.##.#
....>.)........#
............#.####
...######....#.#
.. #..#.#.# #
#..#.#.# #.##.#.#


You could see Edmund.

Vanquished Creatures
  A hound (D:4)
  An orc wizard (D:4)
  An iguana (D:4)
  A gnoll (D:1)
  8 adders
  3 dart slugs
  A leopard gecko (D:2)
  5 orcs
  9 giant cockroaches
  2 goblins
  8 hobgoblins
  6 jackals
  6 kobolds
  A ball python skeleton (D:4)
  6 bats
  7 frilled lizards
  6 rats
72 creatures vanquished.

Vanquished Creatures (others)
  A quokka (D:2)
1 creature vanquished.

Grand Total: 73 creatures vanquished

Notes
Turn   | Place    | Note
-------+----------+-------------------------------------------
     0 | D:1      | Peloso the Minotaur Fighter began the quest for the Orb.
     0 | D:1      | Reached XP level 1. HP: 19/19 MP: 0/0
    73 | D:1      | Reached XP level 2. HP: 18/27 MP: 1/1
   545 | D:1      | Reached XP level 3. HP: 29/33 MP: 2/2
   991 | D:2      | Reached XP level 4. HP: 16/41 MP: 3/3
  1005 | D:2      | HP: 2/41 [poisoned by an adder]
  1326 | D:2      | Found a basalt altar of Yredelemnul.
  1343 | D:2      | Found a white marble altar of Elyvilon.
  1660 | D:3      | Found a snail-covered altar of Cheibriados.
  1773 | D:3      | Found a deep blue altar of Sif Muna.
  1854 | D:3      | Found a shadowy altar of Dithmenos.
  2061 | D:4      | Reached skill level 5 in Fighting
  2061 | D:4      | Reached XP level 5. HP: 42/48 MP: 4/4
  2183 | D:4      | Reached skill level 5 in Armour
  2198 | D:4      | Found a transporter.
  2221 | D:4      | Found a staircase to the Ecumenical Temple.
  2263 | Temple   | Entered the Ecumenical Temple
  2274 | Temple   | Became a worshipper of Warmaster Okawaru
  2296 | D:4      | Found a transporter.
  2360 | D:4      | Noticed Edmund
  2380 | D:4      | HP: 2/48 [poisoned by Edmund]
  2380 | D:4      | Slain by Edmund

Levels and vault maps discovered:
D:1:      lemuel_arrival_tunnels, layout_basic
D:2:      layout_rooms, nicolae_overflow_hidden_temple, elyvilon_altar_4
D:3:      layout_basic, nicolae_overflow_crystal_walls, lemuel_crystal_altar,
          lemuel_coloured_pillars_altar, first_ration, grunt_decor_cap
D:4:      gammafunk_steamed_eel, layout_basic, old_standard_altar,
          minmay_temple_entry_mist, amethyst_killhole, nrook_mini_vaults,
          uniq_edmund
Temple:   jpeg_temple_island

Skill      XL: |  1  2  3  4  5 |
---------------+----------------+-----
Fighting       | 4 5 |  5.1
Armour         | 4 5 |  5.5
Long Blades    | 3 4 |  4.0
Shields        | 4 |  4.5
Dodging        | |  0.3

Action                   |  1- 3 |  4- 6 || total
-------------------------+-------+-------++-------
Melee: Long sword        |    93 |   137 ||   230
       Headbutt          |     9 |    14 ||    23
  Use: Potion            |       |     1 ||     1
  Eat: Chunk             |       |     5 ||     5
Armor: Scale mail        |     6 |       ||     6
       Chain mail        |    63 |    71 ||   134
Dodge: Dodged            |    31 |    32 ||    63
Block: Shield            |    69 |    73 ||   142
       Rpst.: Long sword |    10 |     7 ||    17

Table legend:
 A = Non-vault XP
 B = Vault XP
 C = Vault XP percentage of total XP
 D = Non-vault monster count
 E = Vault monster count
 F = Vault count percentage of total count
                 A         B        C        D         E       F
            +---------+---------+-------+---------+---------+-------
      Total |     347 |       0 |   0.0 |      72 |       0 |   0.0
            +---------+---------+-------+---------+---------+-------
        D:1 |      51 |       0 |   0.0 |      20 |       0 |   0.0
        D:2 |      82 |       0 |   0.0 |      23 |       0 |   0.0
        D:3 |      48 |       0 |   0.0 |      15 |       0 |   0.0
        D:4 |     166 |       0 |   0.0 |      14 |       0 |   0.0
            +---------+---------+-------+---------+---------+-------
